 Dungeon Crawl Stone Soup version 0.16-a0-3997-g61da7c2 (webtiles) character file.

70 kroki the Skirmisher (level 4, -5/41 HPs)
             Began as a Minotaur Summoner on Feb 13, 2015.
             Was an Initiate of Qazlal.
             Killed from afar by Ijyb (20 damage)
             ... with a wand of draining
             ... on level 3 of the Dungeon.
             The game lasted 00:03:36 (1897 turns).

kroki the Skirmisher (Minotaur Summoner)            Turns: 1897, Time: 00:03:36

Health: -5/41      AC:  9    Str: 14    XL:     4   Next: 3%
Magic:  4/4        EV:  6    Int: 12    God:    Qazlal [......]
Gold:   98         SH:  0    Dex: 10    Spells: 1 memorised, 4 levels left

rFire  . . .     SeeInvis .     d - +1 whip
rCold  . . .     Clarity  .     m - +0 chain mail
rNeg   . . .     SustAb   +     (no shield)
rPois  .         Gourm    .     (helmet restricted)
rElec  .         Spirit   .     q - +0 cloak
rCorr  .         Warding  .     (no gloves)
rMut   .         Stasis   .     (no boots)
MR     .....                    (no amulet)
Stlth  ..........               (no ring)
                                l - ring of sustain abilities {SustAb}

@: heavily drained, not resistant to hostile enchantments, extremely unstealthy
A: retaliatory headbutt, horns 2
a: Renounce Religion


You were on level 3 of the Dungeon.
You worshipped Qazlal.
Qazlal was noncommittal.
You were not hungry.

You visited 1 branch of the dungeon, and saw 3 of its levels.

You collected 98 gold pieces.

Inventory:

Hand weapons
 d - a +1 whip (weapon)
   (You found it on level 1 of the Dungeon)
Armour
 a - a +0 robe
 m - a +0 chain mail (worn)
   (You found it on level 1 of the Dungeon)
 p - a +0 buckler
   (You found it on level 1 of the Dungeon)
 q - a +0 cloak (worn)
   (You found it on level 2 of the Dungeon)
 r - a +0 pair of boots
   (You found it on level 2 of the Dungeon)
 s - a +0 pair of boots
   (You found it on level 2 of the Dungeon)
Jewellery
 l - a ring of sustain abilities (left hand) {SustAb}
   (You found it on level 1 of the Dungeon)
Scrolls
 o - a scroll of fog
Potions
 e - a potion of heal wounds {unknown}
 f - a potion of resistance {unknown}
 h - a potion of magic {unknown}
 i - a potion of cancellation
 j - a potion of flight {unknown}
 k - a potion of haste {unknown}
Books
 b - a book of Callings
Comestibles
 c - 2 bread rations {@e1}
 g - 2 beef jerkies


   Skills:
 + Level 4.4(2.9) Fighting
 - Level 2.1(0.7) Dodging
 - Level 1.5(0.1) Stealth
 - Level 1.3(0.0) Spellcasting
 - Level 2.9(1.5) Summonings


You had 4 spell levels left.
You knew the following spells:

 Your Spells              Type           Power        Failure   Level  Hunger
a - Summon Small Mammal   Summ           #...         100%        1    ##.....


Dungeon Overview and Level Annotations

Branches:
Dungeon (3/15)

Altars:
Elyvilon
Qazlal

Annotations:
D:3 Ijyb


Innate Abilities, Weirdness & Mutations

You reflexively headbutt those who attack you in melee.
You have a pair of horns on your head.


Message History

Ijyb moves out of view.
There is a stone staircase leading up here.
You climb upwards.
There is a stone staircase leading down here.
There is a stone staircase leading down here.
You climb downwards.
Level annotation: Ijyb A kobold comes into view.
It is wielding a short sword.
The kobold shouts!
You hear a shout!
Found a robe.
Found a stone staircase leading up.
There is a stone staircase leading up here.
A kobold is nearby!
A kobold is nearby!
A kobold is nearby!
You barely miss the kobold. The kobold closely misses you.
The kobold hits you but does no damage.
You hit the kobold but do no damage. The kobold hits you but does no damage.
You miss the kobold. Your headbutt misses the kobold.
The kobold closely misses you.
A kobold is nearby!
You closely miss the kobold. The kobold hits you with a short sword.
You take 4 damage, and have 30/34 hp.
A kobold is nearby!
You barely miss the kobold. The kobold hits you but does no damage.
An orc comes into view. It is wielding a mace.
The orc shouts!
You hit the kobold.
You kill the kobold!
Qazlal accepts your kill.
A giant cockroach comes into view.
No target in range!
No target in range!
No target in range!
Unknown command.
You barely miss the orc. Your headbutt misses the orc.
The orc closely misses you.
Your chain mail prevents you from hitting the orc.
The giant cockroach bites you but does no damage.
The orc hits you but does no damage.
You hit the orc but do no damage. The giant cockroach barely misses you.
The orc hits you but does no damage. The giant cockroach barely misses you.
You hit the orc but do no damage.
The giant cockroach bites you but does no damage.
The orc hits you but does no damage.
You hit the orc.
The giant cockroach bites you but does no damage.
The orc barely misses you. You furiously retaliate!
You headbutt the orc.
You kill the orc!
Qazlal accepts your kill.
You have reached level 4!
You feel stronger.
You regained 6 hp, and now have 37/41 hp.
MP restored: 4 You hit the giant cockroach.
You kill the giant cockroach!
Qazlal accepts your kill.
No target in view!
No target in view!
Things that are here:
a mace; a scale mail Ijyb shouts!
Ijyb is too close now for your liking.
Ijyb is nearby!
Ijyb is nearby!
Ijyb is nearby!
Ijyb is nearby!
You see here a robe.
Ijyb hits you but does no damage.
You hit Ijyb. Ijyb hits you but does no damage.
You hit Ijyb.
Ijyb zaps a wand.
The bolt of negative energy hits you!
You feel drained.
It is a wand of draining.
You take 14 damage, and have 24/41 hp.
MASSIVE DAMAGE!!
You aren't carrying any items that can be evoked.
Unknown command.
Ijyb zaps a wand.
The bolt of negative energy hits you!
You feel drained.
You take 10 damage, and have 14/41 hp.
MASSIVE DAMAGE!!
Drink which item? (? for menu, Esc to quit)
Okay, then.
Read which item? (? for menu, Esc to quit)
Okay, then.
Read which item? (? for menu, Esc to quit)
As you read the scroll of fog, it crumbles to dust.
The scroll dissolves into smoke.
Unknown command.
Ijyb zaps a wand.
The bolt of negative energy misses you.
You see here a robe.
Unknown command.
There is a stone staircase leading up here.
Ijyb zaps a wand.
The bolt of negative energy hits you!
You feel drained.
You die...

..... .# #.... . .
#...# .####..# #.#.#
..... #.#.# #...
#.#.# ..# # ###§#.###
.#####...###§§§§...##
†..........§§§g§@...#
...####.##.§§§§.))..#
....# #...§......#
.#..... #.#.......##
#####.. ......#....#
. ............#
..###.##....# .
........# ###.<...#


You could see Ijyb.

Vanquished Creatures
  2 adders (D:2)
  A worm (D:2)
  A giant gecko (D:1)
  An orc (D:3)
  8 bats
  3 giant cockroaches
  4 goblins
  4 hobgoblins
  A quokka (D:3)
  A ball python (D:2)
  7 kobolds
  8 rats
  A toadstool (D:1)
42 creatures vanquished.

Vanquished Creatures (collateral kills)
  A rat (D:1)
1 creature vanquished.

Vanquished Creatures (others)
  3 toadstools (D:1)
3 creatures vanquished.

Grand Total: 46 creatures vanquished

Notes
Turn   | Place    | Note
--------------------------------------------------------------
     0 | D:1      | kroki, the Minotaur Summoner, began the quest for the Orb.
     0 | D:1      | Reached XP level 1. HP: 14/14 MP: 2/2
    35 | D:1      | Reached skill level 1 in Fighting
   405 | D:1      | Reached skill level 2 in Fighting
   405 | D:1      | Reached XP level 2. HP: 22/24 MP: 2/2
   957 | D:2      | Reached skill level 3 in Fighting
   957 | D:2      | Reached XP level 3. HP: 21/31 MP: 3/3
  1253 | D:2      | Found a stormy altar of Qazlal.
  1254 | D:2      | Found a white marble altar of Elyvilon.
  1258 | D:2      | Reached skill level 4 in Fighting
  1739 | D:2      | Became a worshipper of Qazlal Stormbringer
  1840 | D:3      | Noticed Ijyb
  1883 | D:3      | Reached XP level 4. HP: 37/41 MP: 4/4
  1897 | D:3      | Killed from afar by Ijyb

Action                   |  1- 3 |  4- 6 || total
-------------------------+-------+-------++-------
Melee: Whip              |   120 |     3 ||   123
       Unarmed           |     2 |       ||     2
 Cast: Summon Small Mamm |     3 |       ||     3
  Use: Scroll            |     7 |     1 ||     8
  Eat: Bread ration      |     1 |       ||     1

Vault maps used:
D:1:      ldierk_walled_garden_2
D:2:      gammafunk_temple_overflow_statue
D:3:      lemuel_coloured_pillars_altar, grunt_decor_cap, uniq_iyjb,
          uniq_terence

Table legend:
 A = Turns spent in this place as a percentage of turns spent in the entire game.
 B = Non-inter-level travel turns spent in this place as a percentage of non-inter-level travel turns spent in the entire game.
 C = Inter-level travel turns spent in this place as a percentage of turns spent in this place.
 D = Turns resting spent in this place as a percentage of non-inter-level travel turns spent in this place.
 E = Turns spent auto-exploring this place as a percentage of non-inter-level travel turns spent in this place.
 F = Non-inter-level travel turns spent in this place divided by the number of levels of this place that you've seen.
                   A       B       C       D       E      F
               +-------+-------+-------+-------+-------+----------------------
         Total | 100.0 | 100.0 |   1.4 |   2.4 |   9.9 | 236.0
       Dungeon | 100.0 | 100.0 |   1.4 |   2.4 |   9.9 | 236.0
               +-------+-------+-------+-------+-------+----------------------

Table legend:
 A = Kills in this place as a percentage of kills in entire the game.
 B = Kills by you in this place as a percentage of kills by you in the entire game.
 C = Kills by friends in this place as a percentage of kills by friends in the entire game.
 D = Other kills in this place as a percentage of other kills in the entire game.
 E = Experience gained in this place as a percentage of experience gained in the entire game.
 F = Experience gained in this place divided by the number of levels of this place that you have seen.
                   A       B       C       D       E      F
               +-------+-------+-------+-------+-------+----------------------
         Total | 100.0 | 100.0 | 100.0 |  -nan | 100.0 |  33.3
       Dungeon | 100.0 | 100.0 | 100.0 |  -nan | 100.0 |  33.3
               +-------+-------+-------+-------+-------+----------------------
